 Dungeon Crawl Stone Soup version 0.31-a0-198-g2ad674f65e (webtiles) character file.

Game seed: 13590957510052524926

312 qw the Skirmisher (level 6, -4/38 HPs)
             Began as a Deep Elf Hunter on June 25, 2023.
             Slain by Pikel
             ... wielding a +2 whip of freezing
              (5 damage)
             ... on level 4 of the Dungeon.
             The game lasted 00:00:57 (2021 turns).

qw the Skirmisher (Deep Elf Hunter)                 Turns: 2021, Time: 00:00:58

Health: -4/38      AC:  8    Str: 10    XL:     6   Next: 18%
Magic:  8/8        EV: 11    Int: 14    God:
Gold:   236        SH:  0    Dex: 18    Spells: 5/5 levels left

rFire   . . .        Y - +1 shortbow
rCold   . . .        (shield currently unavailable)
rNeg    . . .        l - +0 ring mail
rPois   .            g - +2 hat
rElec   .            m - +0 cloak
rCorr   .            (no gloves)
SInv    .            (no boots)
Will    .....        (no amulet)
Stlth   +            h - +4 ring of slaying {mikee}
HPRegen 0.26/turn    (no ring)
MPRegen 0.11/turn

%: no passive effects
@: no status effects
A: robust 1
a: no special abilities


You were on level 4 of the Dungeon.
You visited 1 branch of the dungeon, and saw 4 of its levels.

You collected 236 gold pieces.


Innate Abilities, Weirdness & Mutations

You are robust. (+10% HP)


   Skills:
 - Level 2.0 Fighting
 + Level 9.7 Ranged Weapons
 - Level 2.4 Dodging
 - Level 1.2 Stealth


You had 5 spell levels left.
You didn't know any spells.
Your spell library was empty.

Inventory:

Hand Weapons
 Y - a +1 shortbow (weapon)
Armour
 g - a +2 hat (worn)
 l - a +0 ring mail (worn)
 m - a +0 cloak (worn)
Jewellery
 h - a +4 ring of slaying (left hand) {mikee}
Wands
 f - a wand of digging (1)
Scrolls
 i - 2 scrolls of identify
 k - 2 scrolls of enchant armour {unknown}
Potions
 a - a potion of degeneration {unknown}
 b - a potion of magic {unknown}
 c - a potion of resistance
 d - a potion of heal wounds
 e - a potion of curing {unknown}
 j - a potion of mutation

Dungeon Overview and Level Annotations

Branches:
Dungeon (4/15)
 Temple: D:4-7

Altars:
Ru

Annotations:
D:4 Pikel


Message History

The arrow hits the gnoll!
You kill the gnoll!
You shoot an arrow. The arrow hits the gnoll.
The gnoll is lightly wounded.
Pikel says, "Hell isn't that bad."
You shoot an arrow. The arrow closely misses the gnoll.
The arrow hits Pikel.
Pikel is lightly wounded.
You shoot an arrow.
The arrow hits Pikel but does no damage.
Pikel is lightly wounded.
You shoot an arrow. The arrow hits Pikel.
Pikel is lightly wounded.
You shoot an arrow. The arrow closely misses Pikel.
The arrow hits the gnoll!
The gnoll is heavily wounded.
The gnoll hits you from afar with a +0 spear.
Pikel hits you with a +2 whip of freezing.
Pikel freezes you.
You shoot an arrow. The arrow completely misses Pikel.
The arrow closely misses the gnoll.
The arrow hits the gnoll.
The gnoll is severely wounded.
Pikel hits you with a +2 whip of freezing!
Pikel freezes you. The gnoll hits you but does no damage.
You shoot an arrow. The arrow hits Pikel.
Pikel is moderately wounded.
Pikel hits you with a +2 whip of freezing.
Pikel freezes you. The gnoll barely misses you.
You shoot an arrow.
The arrow hits Pikel but does no damage.
Pikel is moderately wounded.
Pikel hits you with a +2 whip of freezing.
Pikel freezes you.
You shoot an arrow. The arrow closely misses Pikel.
The arrow hits the lemure!
The lemure is heavily wounded.
Pikel hits you with a +2 whip of freezing.
Pikel freezes you.
You shoot an arrow. The arrow hits Pikel!
Pikel is heavily wounded.
Pikel hits you with a +2 whip of freezing!
Pikel freezes you.
You die...

#.# ###.......#..
#.####....._.....#
###'##>..#.......#.#
#.......###.....##.#
#........###...##..#
#......#.# ##.## ..+
#......#..##.......#
###'##.##.##.......#
#@##.# .##.......#
#K##+# .# ......#


555 ...... ).g5. .##+#..... ....... .......... ......... ......... ...........
#..... #..........## #..<.. #.#.#. You could see Pikel, 4 lemures and a gnoll.

Vanquished Creatures
  A black bear (D:3)
  Natasha (thrice) (D:2)
  6 adders
  A gnoll (D:4)
  4 worms
  A dart slug (D:3)
  2 ball pythons
  9 bats
  7 endoplasms
  A giant cockroach (D:3)
  8 goblins
  5 hobgoblins
  8 jackals
  4 kobolds
  6 frilled lizards
  4 rats
70 creatures vanquished.

Notes
Turn   | Place    | Note
-------+----------+-------------------------------------------
     0 | D:1      | qw the Deep Elf Hunter began the quest for the Orb.
     0 | D:1      | Reached XP level 1. HP: 12/12 MP: 3/3
     0 | D:1      | 0 ||| qw: Version: 0.3-a-22-g0ed2b0b
     0 | D:1      | 0 ||| qw: Game counter: 4892
     0 | D:1      | 0 ||| qw: Melee chars always use a shield: true
     0 | D:1      | 0 ||| qw: God list: Okawaru
     0 | D:1      | 0 ||| qw: Allow faded altars: false
     0 | D:1      | 0 ||| qw: Do Orc after clearing Dungeon:15 true
     0 | D:1      | 0 ||| qw: Do second Lair branch before Depths: true
     0 | D:1      | 0 ||| qw: Lair rune preference: random
     0 | D:1      | 0 ||| qw: Goals: Normal
     0 | D:1      | 0 ||| PLANNING D:1-11
    77 | D:1      | Reached XP level 2. HP: 15/16 MP: 4/4
    78 | D:1      | Reached skill level 6 in Ranged Weapons
   337 | D:1      | Found a faded altar of an unknown god.
   342 | D:1      | Reached XP level 3. HP: 20/20 MP: 5/5
   567 | D:1      | 567 ||| UPGRADING to +0 ring mail.
   577 | D:1      | 577 ||| DROPPING +0 leather armour.
   578 | D:1      | 578 ||| UPGRADING to +0 cloak.
   583 | D:1      | 583 ||| UPGRADING to +4 ring of slaying {mikee}.
   584 | D:1      | 584 ||| READING scroll labelled XOM JIOHOP.
   589 | D:1      | 589 ||| READING scroll labelled IGRIONNERUMA.
   590 | D:1      | 590 ||| READING 2 scrolls labelled RAEL TU NOV.
   591 | D:1      | 591 ||| READING scroll labelled YLOHYO POPNUS.
   592 | D:1      | 592 ||| DRINKING 2 blue potions.
   592 | D:1      | Gained mutation: You are robust. (+10% HP) [potion of
                  | mutation]
   600 | D:1      | 600 ||| DROPPING scroll of butterflies.
   721 | D:2      | Noticed Natasha
   722 | D:2      | Reached skill level 7 in Ranged Weapons
   726 | D:2      | 726 ||| Stepping ~*~*~tactically~*~*~ (outnumbered).
   731 | D:2      | HP: 2/22 [Natasha (4)]
   733 | D:2      | Killed Natasha
   734 | D:2      | Reached XP level 4. HP: 3/27 MP: 6/6
   790 | D:2      | 790 ||| FLEEEEING.
  1028 | D:2      | Noticed Natasha
  1035 | D:2      | Killed Natasha
  1036 | D:2      | Reached skill level 8 in Ranged Weapons
  1116 | D:2      | Noticed Natasha
  1122 | D:2      | Killed Natasha
  1156 | D:2      | Reached XP level 5. HP: 31/31 MP: 7/7
  1399 | D:2      | 1399 ||| READING scroll labelled BAD LYUPIOGIUV.
  1400 | D:2      | 1400 ||| READING scroll labelled KAILEN QINAORCH.
  1401 | D:2      | 1401 ||| DRINKING 2 metallic ruby potions.
  1550 | D:3      | Noticed a black bear
  1558 | D:3      | Killed a black bear
  1559 | D:3      | Reached skill level 9 in Ranged Weapons
  1559 | D:3      | Reached XP level 6. HP: 35/37 MP: 8/8
  1834 | D:3      | 1834 ||| UPGRADING to +2 hat.
  1839 | D:3      | 1839 ||| READING scroll labelled HAZXIC ZEYFATA.
  1840 | D:3      | 1840 ||| DRINKING 2 viscous sapphire potions.
  1962 | D:4      | Found a sacrificial altar of Ru.
  2009 | D:4      | Noticed Pikel
  2021 | D:4      | HP: 1/38 [Pikel/+2 whip of freezing (10)]
  2021 | D:4      | Slain by Pikel

Levels and vault maps discovered:
D:1:      lordsloth_arrival_two_stooges, layout_basic,
          hellmonk_ecumenical_altar_slurped_away
D:2:      layout_basic, minmay_door_square, uniq_natasha
D:3:      layout_basic
D:4:      layout_basic, lemuel_round_altar, fedhas_altar_2,
          lemuel_temple_firewalk_b, uniq_pikel

Skill      XL: |  1  2  3  4  5  6 |
---------------+-------------------+-----
Ranged Weapons | 6 7 8 9 |  9.7
Fighting       | 2 |  2.0
Dodging        | |  2.4
Stealth        | |  1.2

Action                     |  1- 3 |  4- 6 || total
---------------------------+-------+-------++-------
   Fire: Shortbow          |    91 |   104 ||   195
    Use: Scroll            |     4 |     3 ||     7
         Potion            |     1 |     2 ||     3
 Armour: Leather armour    |    13 |       ||    13
         Ring mail         |     3 |    16 ||    19
  Dodge: Dodged            |    20 |    13 ||    33

Table legend:
 A = Non-vault XP
 B = Vault XP
 C = Vault XP percentage of total XP
 D = Non-vault monster count
 E = Vault monster count
 F = Vault count percentage of total count
                 A         B        C        D         E       F
            +---------+---------+-------+---------+---------+-------
      Total |     408 |      39 |   8.7 |      68 |       2 |   2.9
            +---------+---------+-------+---------+---------+-------
        D:1 |      48 |       2 |   4.0 |      30 |       1 |   3.2
        D:2 |     129 |      37 |  22.3 |      16 |       1 |   5.9
        D:3 |     217 |       0 |   0.0 |      21 |       0 |   0.0
        D:4 |      14 |       0 |   0.0 |       1 |       0 |   0.0
            +---------+---------+-------+---------+---------+-------
